 Dungeon Crawl Stone Soup version 0.27-a0-1140-g099f9bb0e8 (webtiles) character file.

Game seed: 4688038932824996567

151 reriks the Firebug (level 5, -2/31 HPs)
             Began as an Octopode Fire Elementalist on May 8, 2021.
             Killed from afar by Sigmund (6 damage)
             ... with a magic dart
             ... on level 3 of the Dungeon.
             The game lasted 00:06:32 (6993 turns).

reriks the Firebug (Octopode Fire Elementalist)     Turns: 6993, Time: 00:06:33

Health: -2/31      AC:  1    Str:  8    XL:     5   Next: 33%
Magic:  6/9        EV: 17    Int: 18    God:
Gold:   19         SH:  0    Dex: 12    Spells: 8/9 levels left

rFire    . . .     SeeInvis .   l - +2 dagger (venom)
rCold    . . .     Faith    .   (no shield)
rNeg     . . .     Spirit   .   (helmet restricted)
rPois    .         Reflect  .   (no amulet)
rElec    .         Harm     .   d - +4 ring of evasion
rCorr    .         Rampage  .   (no ring)
Will     .....                  (no ring)
Stlth    ++++......             (no ring)
HPRegen  0.10/turn              (no ring)
MPRegen  0.11/turn              (no ring)
                                (no ring)
                                (no ring)

@: no status effects
A: almost no armour, amphibious, 8 rings, camouflage 1, gelatinous body 1,
nimble swimmer 1, tentacles
a: no special abilities


You were on level 3 of the Dungeon.
You visited 1 branch of the dungeon, and saw 3 of its levels.

You collected 207 gold pieces.
You spent 188 gold pieces at shops.

Inventory:

Hand Weapons
 a - a +1 short sword
 l - a +2 dagger of venom (weapon)
Jewellery
 d - a +4 ring of evasion (left tentacle)
Scrolls
 h - 2 scrolls of identify {unknown}
 i - a scroll of amnesia {unknown}
 m - 2 scrolls of magic mapping
 n - a scroll of fear
Potions
 b - a potion of brilliance {unknown}
 c - a potion of heal wounds {unknown}
 e - a potion of haste {unknown}
 f - a potion of flight {unknown}
 g - a potion of lignification {unknown}
 j - 2 potions of curing {unknown}
 k - a potion of cancellation
 o - a potion of degeneration {unknown}


   Skills:
 + Level 3.1 Dodging
 - Level 2.6 Stealth
 + Level 2.9 Spellcasting
 + Level 2.5 Conjurations
 + Level 3.9 Fire Magic


You had 8 spell levels left.
You knew the following spells:

 Your Spells              Type           Power      Damage    Failure   Level
a - Foxfire               Conj/Fire      56%        2x1d6     4%          1

Your spell library contained the following spells:

 Spells                   Type           Power      Damage    Failure   Level
 Conjure Flame            Conj/Fire      14%        6-21      13%         3
 Inner Flame              Hex/Fire       9%         N/A       22%         3
 Sticky Flame             Conj/Fire      14%        2d4       41%         4
 Fireball                 Conj/Fire      7%         3d5       77%         5


Dungeon Overview and Level Annotations

Branches:
Dungeon (3/15)

Altars:
Ru

Shops:
D:2 **![   D:3 ?

Annotations:
D:3 3 runed translucent doors, Dongs's ghost, amateur OgBe; Sigmund


Innate Abilities, Weirdness & Mutations

You cannot wear most types of armour.
You are amphibious.
You can wear up to eight rings at the same time.
Your skin changes colour to match your surroundings (Stealth+).
Your rubbery body absorbs attacks. (AC +1, EV +1)
You are camouflaged near water. (Stealth+)
You have tentacles for arms and can constrict up to eight enemies at once.


Message History

Found 20 bolts.
Found a runed translucent gate.
Found 19 stones.
Found an escape hatch in the ceiling.
o - a puce potion Sigmund is nearby!
Casting: Foxfire (safe; 4% risk of failure)
Confirm with . or Enter, or press ? or * to list all spells.
You conjure some foxfire!
Sigmund whispers, "You'll know eternity soon."
The foxfire hits Sigmund.
Sigmund is lightly wounded.
The foxfire hits Sigmund.
Sigmund is moderately wounded.
Casting: Foxfire (safe; 4% risk of failure)
Confirm with . or Enter, or press ? or * to list all spells.
You conjure some foxfire!
The foxfire hits Sigmund.
Sigmund is moderately wounded.
The foxfire hits Sigmund.
Sigmund is heavily wounded.
Sigmund casts a spell at you. The puff of flame hits you!
Casting: Foxfire (safe; 4% risk of failure)
Confirm with . or Enter, or press ? or * to list all spells.
You conjure some foxfire!
You are engulfed in a cloud of scalding steam.
You are engulfed in a cloud of scalding steam.
* * * LOW HITPOINT WARNING * * *
The foxfire hits Sigmund.
Sigmund is severely wounded.
The foxfire hits Sigmund.
Sigmund is severely wounded.
Sigmund is engulfed in a cloud of scalding steam.
Casting: Foxfire (safe; 4% risk of failure)
Confirm with . or Enter, or press ? or * to list all spells.
You conjure some foxfire!
Sigmund points at you and mumbles some strange words.
The magic dart hits you.
You die...

....#.#.###...##.......##........
....#.#.##....''.......##........
....#.#.......##.......##........
....#.#.##>..####.###.#########..
#...#....#...##≈≈.≈≈#..# #.....
......#..#..#.≈≈≈≈≈≈≈.## ###.###.
#.#.........@≈#≈≈≈≈≈#≈≈###.#.####
....#.#.#.#≈≈≈§v≈≈≈≈≈≈≈≈#........
#.#.#.#.##.≈≈§§§@≈≈≈#≈≈≈....#####
..#.#.#.##≈≈≈≈≈≈≈v≈≈≈≈≈≈≈.......#
..#.#.#.#≈≈≈≈#≈≈≈≈≈≈≈≈≈≈)≈.......
###.#.#..≈≈≈..≈≈..8≈≈.≈≈≈≈#.....#
#.#.#...≈≈.....<.....≈≈.......#
#.#.#.##≈≈.≈≈≈...≈...≈≈≈......#
###.#.#.#≈≈≈≈.#≈≈≈≈≈≈≈≈≈#≈......#
......#.##≈≈≈#≈#≈≈≈≈≈≈≈≈≈........
....###..#.≈≈≈≈≈≈≈≈≈≈≈##.#.......


You could see Sigmund (ally target).

Vanquished Creatures
  Natasha (D:2)
  Robin (D:1)
  3 adders (D:3)
  A worm (D:2)
  9 dart slugs (D:3)
  6 endoplasms
  A giant cockroach (D:1)
  11 goblins
  11 hobgoblins
  2 jackals (D:2)
  5 ball pythons
  3 bats
  2 frilled lizards
  4 kobolds
  7 rats
67 creatures vanquished.

Vanquished Creatures (collateral kills)
  2 foxfires (D:1)
2 creatures vanquished.

Vanquished Creatures (others)
  237 foxfires
  2 plants (D:3)
239 creatures vanquished.

Grand Total: 308 creatures vanquished

Notes
Turn   | Place    | Note
-------+----------+-------------------------------------------
     0 | D:1      | reriks the Octopode Fire Elementalist began the quest for
                  | the Orb.
     0 | D:1      | Reached XP level 1. HP: 11/11 MP: 3/3
  1047 | D:1      | Reached XP level 2. HP: 16/17 MP: 0/5
  1295 | D:1      | Found a faded altar of an unknown god.
  2754 | D:2      | You fall into a shaft and drop 1 floor!
  2813 | D:3      | Reached XP level 3. HP: 4/21 MP: 2/6
  3728 | D:3      | Noticed Sigmund
  3750 | D:2      | Noticed Natasha
  4010 | D:2      | Found Sourriomm's Assorted Antiques.
  4067 | D:2      | Reached XP level 4. HP: 27/27 MP: 4/7
  4124 | D:2      | Noticed Robin
  4198 | D:1      | Killed Robin
  5145 | D:2      | Killed Natasha
  5498 | D:2      | Reached XP level 5. HP: 31/31 MP: 7/9
  5682 | D:2      | Found Focweyri's General Store.
  5696 | D:2      | Found Borigg's Distillery.
  5708 | D:2      | Bought a potion of cancellation for 112 gold pieces
  5711 | D:2      | Found Atomif's Antique Armour Emporium.
  6137 | D:3      | Found a sacrificial altar of Ru.
  6457 | D:3      | Found Pomewnif's Magic Scroll Emporium.
  6465 | D:3      | Bought a scroll of fear for 38 gold pieces
  6465 | D:3      | Bought a scroll of magic mapping for 38 gold pieces
  6812 | D:3      | Found a runed translucent gate.
  6812 | D:3      | Found a runed translucent gate.
  6812 | D:3      | Found a runed translucent gate.
  6815 | D:3      | Noticed Dongs's ghost (amateur OgBe)
  6993 | D:3      | Killed from afar by Sigmund

Illustrated notes

Levels and vault maps discovered:
D:1:      eino_arrival_druids_welcome, layout_rooms,
          shapermc_ecumenical_altar_hornbeckon, minmay_pentomino_o2
D:2:      layout_loops_ring, serial_shops, shop, shop_fountains, shop,
          nicolae_shop_crystal, chequers_serial_rivers_marsh, uniq_natasha,
          uniq_robin
D:3:      kennysheep_slugbush, layout_basic, nicolae_ru_the_path_less_chosen,
          serial_shops, nicolae_shop_crystal, gammafunk_ghost_necromancy,
          serial_bayou_pond_c, uniq_sigmund

Skill      XL: |  1  2  3  4 |
---------------+-------------+-----
Conjurations   | 2 |  2.5
Dodging        | 3 |  3.1
Stealth        | |  2.6
Spellcasting   | |  2.9
Fire Magic     | |  3.9

Action                   |  1- 3 |  4- 6 || total
-------------------------+-------+-------++-------
Melee: Short sword       |     3 |       ||     3
       Dagger            |       |     1 ||     1
 Cast: Foxfire           |    77 |    61 ||   138
  Use: Scroll            |     1 |       ||     1
Dodge: Dodged            |     8 |    19 ||    27

Table legend: (Time is in decaauts)
 A = Elapsed time spent in this place.
 B = Non-inter-level travel time spent in this place.
 C = Inter-level travel time spent in this place.
 D = Time resting spent in this place.
 E = Time spent auto-exploring this place.
 F = Levels seen in this place.
 G = Mean time per level.
                   A        B        C        D        E       F      G
               +--------+--------+--------+--------+--------+-----+--------+
         Total |   6993 |   6960 |     33 |   4642 |   1599 |   3 | 2331.0 |
       Dungeon |   6993 |   6960 |     33 |   4642 |   1599 |   3 | 2331.0 |
               +--------+--------+--------+--------+--------+-----+--------+

Top non-repeatable levels by time:
     D:1: 2705 daAuts
     D:3: 2242 daAuts
     D:2: 2044 daAuts
